Influenza vs Punishers
Created - 27 janvier 2017 at 19:43
Goals
|
Influenza |
0 |
3 |
1 |
4 |
Punishers |
0 |
1 |
2 |
3 |
|
Shots
|
Influenza |
11 |
16 |
11 |
38 |
Punishers |
18 |
12 |
7 |
37 |
|
1st period
No Goal
Penalties :
Mike Sauer (Pro) for Delaying the game (Minor) at 13:00
2nd period
1. Influenza , Ben Smith 21 (Robbie Earl, Evgeny Grachev) at 4:09 (PP)
2. Punishers , Ryan Malone 15 (Mike Sauer) at 6:42 (SH)
3. Influenza , Ben Smith 22 (Evgeny Grachev) at 9:25 (PP)
4. Influenza , Jamie Benn 20 (Martins Karsums) at 13:38
Penalties :
Miikka Salomaki (Pro) for Tripping (Minor) at 0:21, Miikka Salomaki (Pro) for Slashing (Minor) at 3:49, Philippe Paradis (Pro) for High sticking (Minor) at 6:27, Matt Mackenzie (Pro) for Slashing (Minor) at 9:23, Petteri Nokelainen (Pro) for Roughing (Minor) at 16:48
3rd period
5. Influenza , Jamie Benn 21 (Martins Karsums, Charlie Coyle) at 1:14
6. Punishers , Luke Adam 21 (Adam McQuaid, Simon Despres) at 13:18
7. Punishers , Tanner Glass 14 (Dainius Zubrus) at 17:57
Penalties :
Corey Tropp (VJB) for Hooking (Minor) at 2:17, Ben Smith (VJB) for High sticking (Minor) at 8:22, Miikka Salomaki (Pro) for Roughing (Minor) at 18:40
Goalie Stats
Thomas McCollum (VJB), 34 saves from 37 shots - (0,919), W, 20-8-1, 60:00 minutes
Niklas Svedberg (Pro), 34 saves from 38 shots - (0,895), L, 8-3-0, 60:00 minutes
Players Stats for Influenza
Player Name G A P +/- PIM S H SB GA TA FO MP PP MP PK MP
------------------------------------------------------------------------------------
Andreas Engqvist 0 0 0 -2 0 1 0 2 0 0 4/9 11:14 0:00 0:00
Ben Smith 2 0 2 -1 2 6 2 1 0 0 2/3 20:54 5:20 0:26
Brian Salcido 0 0 0 0 0 1 0 0 0 0 0/0 4:26 0:00 0:00
Carl Gunnarsson 0 0 0 2 0 0 1 1 1 0 0/0 20:07 3:58 1:29
Charlie Coyle 0 1 1 2 0 0 0 1 0 0 2/9 15:46 4:15 0:00
Colin McDonald 0 0 0 0 0 0 0 0 0 0 0/0 0:06 0:02 0:00
Colton Sceviour 0 0 0 0 0 0 0 0 0 0 0/0 0:00 0:00 0:00
Corey Tropp 0 0 0 0 2 2 1 1 0 0 0/0 8:26 0:00 0:00
Evgeny Grachev 0 2 2 -1 0 4 2 2 2 1 12/29 20:28 5:20 0:00
Iiro Pakarinen 0 0 0 0 0 0 0 0 0 0 0/0 0:06 0:02 0:00
Jacob Josefson 0 0 0 0 0 0 0 0 0 0 1/1 1:51 0:00 1:30
Jamie Benn 2 0 2 2 0 5 1 0 0 0 0/0 18:03 4:15 1:56
Jeff May 0 0 0 -1 0 1 1 0 0 0 0/0 10:09 0:00 0:00
Jeremy Morin 0 0 0 -2 0 2 2 0 1 1 0/0 11:20 0:02 0:00
John Klingberg 0 0 0 -2 0 2 0 1 1 0 0/0 25:18 5:39 2:29
Jordan Schroeder 0 0 0 0 0 0 0 0 0 0 1/1 8:51 0:00 0:45
Martins Karsums 0 2 2 2 0 2 3 0 0 0 0/0 16:17 4:15 0:31
Mathieu Carle 0 0 0 -2 0 0 4 1 0 0 0/0 25:18 5:39 2:29
Matt Corrente 0 0 0 2 0 4 2 1 0 0 0/0 20:07 3:58 1:29
Oskars Bartulis 0 0 0 0 0 1 0 0 0 0 0/0 4:26 0:00 0:00
Robbie Earl 0 1 1 -1 0 3 3 1 0 0 1/2 21:46 5:20 1:17
Ryan Russell 0 0 0 0 0 1 1 0 2 0 0/0 9:31 0:00 1:25
T.J Brodie 0 0 0 0 0 0 0 0 0 0 0/0 0:00 0:00 0:00
T.J Galiardi 0 0 0 -2 0 2 1 1 0 0 0/0 11:21 0:00 0:06
Tim Erixon 0 0 0 -1 0 1 0 1 0 0 0/0 10:09 0:00 0:00
Players Stats for Punishers
Player Name G A P +/- PIM S H SB GA TA FO MP PP MP PK MP
------------------------------------------------------------------------------------
Adam McQuaid 0 1 1 1 0 6 3 1 0 2 0/0 22:00 2:00 3:51
Alex Petrovic 0 0 0 0 0 0 0 1 0 0 0/0 11:03 0:19 0:00
Boone Jenner 0 0 0 0 0 0 1 0 0 0 9/12 17:42 1:47 2:21
Casey Cizikas 0 0 0 -1 0 0 2 0 0 0 3/4 11:45 0:07 1:03
Dainius Zubrus 0 1 1 0 0 3 1 0 0 1 1/1 17:31 1:47 2:13
Frazer Mclaren 0 0 0 -1 0 1 0 1 0 0 0/0 10:35 0:00 0:00
Luke Adam 1 0 1 1 0 8 0 0 0 0 9/19 15:30 1:56 0:00
Matt Mackenzie 0 0 0 0 2 0 0 0 0 0 0/0 12:07 0:19 1:05
Michael Ferland 0 0 0 0 0 0 1 0 0 0 0/1 11:17 0:00 2:32
Miikka Salomaki 0 0 0 1 6 1 0 0 0 0 2/3 15:37 2:01 0:00
Mike Sauer 0 1 1 0 2 3 0 0 0 2 0/0 25:58 1:39 4:41
Mike Weber 0 0 0 0 0 2 0 3 1 1 0/0 27:14 1:39 5:56
Petteri Nokelainen 0 0 0 2 2 1 2 1 0 0 5/10 20:23 2:11 4:13
Philippe Paradis 0 0 0 0 2 0 0 1 0 0 0/1 8:27 0:18 0:00
Radek Smolenak 0 0 0 0 0 2 0 2 0 0 0/0 9:52 0:00 1:30
Ryan Malone 1 0 1 0 0 3 5 0 0 0 1/2 16:17 0:00 5:22
Simon Despres 0 1 1 1 0 1 1 2 0 1 0/0 21:43 2:00 3:41
Tanner Glass 1 0 1 0 0 6 1 0 1 0 1/1 15:15 1:47 0:00
3 Stars
1 - Jamie Benn (VJB)
2 - Martins Karsums (VJB)
3 - Ben Smith (VJB)
Power Play
Influenza - 2 on 7 Attempt(s) - 28,57%
Punishers - 0 on 2 Attempt(s) - 0,00%
Penalty Kill
Influenza - 2 on 2 Attempt(s) - 100,00%
- Score 0 goal in Penalty Kill
Punishers - 5 on 7 Attempt(s) - 71,43%
- Score 1 goal in Penalty Kill
Team Stat
Influenza - Hits : 24 - Faceoff Wins : 23 - Blocked Shots : 14 - Penalty Minutes : 4
Punishers - Hits : 17 - Faceoff Wins : 31 - Blocked Shots : 12 - Penalty Minutes : 14
Official
Referees : Rooney Chris and Walsh Ian
Linesman : Mark Pare and Don Henderson
Game Notes
No Game Note
Finance
Level 1 -- Attendance: 1468 (73,40%) -- Ticket Income 51 380 $
Level 2 -- Attendance: 785 (78,50%) -- Ticket Income 11 775 $
Total Attendance: 2253 (75,10%)
Total Ticket Income: 63 155 $
Other Income: 3 158 $
Total Income: 66 313 $
Influenza
5 vs 5 Forward
Center Left Wing Right Wing Time % Phy DF OF
1 Evgeny Grachev Robbie Earl Ben Smith 40 1 2 2
2 Charlie Coyle Jamie Benn Martins Karsums 30 1 2 2
3 Andreas Engqvist T.J Galiardi Jeremy Morin 20 1 2 2
4 Jordan Schroeder Ryan Russell Corey Tropp 10 1 2 2
5 vs 5 Defense
Defense Defense Time % Phy DF OF
1 John Klingberg Mathieu Carle 40 1 2 2
2 Matt Corrente Carl Gunnarsson 30 1 2 2
3 Tim Erixon Jeff May 20 1 2 2
4 Oskars Bartulis Brian Salcido 10 1 2 2
PowerPlay Forward
Center Left Wing Right Wing Time % Phy DF OF
1 Evgeny Grachev Robbie Earl Ben Smith 60 1 2 2
2 Charlie Coyle Jamie Benn Martins Karsums 40 1 2 2
PowerPlay Defense
Defense Defense Time % Phy DF OF
1 John Klingberg Mathieu Carle 60 1 2 2
2 Matt Corrente Carl Gunnarsson 40 1 2 2
Penalty Kill 4 Players Forward
Center Wing Time % Phy DF OF
1 Robbie Earl Jamie Benn 60 1 2 2
2 Ben Smith Martins Karsums 40 1 2 2
Penalty Kill 4 Players Defense
Defense Defense Time % Phy DF OF
1 John Klingberg Mathieu Carle 60 1 2 2
2 Matt Corrente Carl Gunnarsson 40 1 2 2
Penalty Kill - 3 Players Forward
Forward Time % Phy DF OF
1 Robbie Earl 60 1 2 2
2 Jamie Benn 40 1 2 2
Penalty Kill - 3 Players Defense
Defense Defense Time % Phy DF OF
1 John Klingberg Mathieu Carle 60 1 2 2
2 Matt Corrente Carl Gunnarsson 40 1 2 2
4 vs 4 Forward
Center Wing Time % Phy DF OF
1 Robbie Earl Jamie Benn 60 1 2 2
2 Ben Smith Martins Karsums 40 1 2 2
4 vs 4 Defense
Defense Defense Time % Phy DF OF
1 John Klingberg Mathieu Carle 60 1 2 2
2 Matt Corrente Carl Gunnarsson 40 1 2 2
Last Minutes Offensive
Center Left Wing Right Wing Defense Defense
Evgeny Grachev Robbie Earl Ben Smith John Klingberg Mathieu Carle
Last Minutes Defensive
Center Left Wing Right Wing Defense Defense
Evgeny Grachev Robbie Earl Ben Smith John Klingberg Mathieu Carle
Goaltenders
Starting : Thomas McCollum
Backup : Olivier Roy
Extra Forwards
Normal : Iiro Pakarinen, Colin McDonald, Jacob Josefson - PP : Iiro Pakarinen, Colin McDonald - PK : Jacob Josefson
Extra Defensemen
Normal : T.J Brodie, Tim Erixon, Jeff May - PP : T.J Brodie - PK : Tim Erixon, Jeff May
Penalty Shots
Robbie Earl, Jamie Benn, Ben Smith, Martins Karsums, T.J Galiardi
Punishers
5 vs 5 Forward
Center Left Wing Right Wing Time % Phy DF OF
1 Luke Adam Petteri Nokelainen Miikka Salomaki 40 1 2 2
2 Boone Jenner Tanner Glass Dainius Zubrus 30 1 2 2
3 Casey Cizikas Frazer Mclaren Ryan Malone 20 1 2 2
4 Philippe Paradis Radek Smolenak Michael Ferland 10 1 2 2
5 vs 5 Defense
Defense Defense Time % Phy DF OF
1 Mike Weber Mike Sauer 40 1 2 2
2 Adam McQuaid Simon Despres 30 1 2 2
3 Alex Petrovic Matt Mackenzie 20 1 2 2
4 Mike Weber Mike Sauer 10 1 2 2
PowerPlay Forward
Center Left Wing Right Wing Time % Phy DF OF
1 Luke Adam Petteri Nokelainen Miikka Salomaki 60 1 2 2
2 Boone Jenner Tanner Glass Dainius Zubrus 40 1 2 2
PowerPlay Defense
Defense Defense Time % Phy DF OF
1 Mike Weber Mike Sauer 60 1 2 2
2 Adam McQuaid Simon Despres 40 1 2 2
Penalty Kill 4 Players Forward
Center Wing Time % Phy DF OF
1 Petteri Nokelainen Ryan Malone 60 1 2 2
2 Boone Jenner Dainius Zubrus 40 1 2 2
Penalty Kill 4 Players Defense
Defense Defense Time % Phy DF OF
1 Mike Weber Mike Sauer 60 1 2 2
2 Adam McQuaid Simon Despres 40 1 2 2
Penalty Kill - 3 Players Forward
Forward Time % Phy DF OF
1 Luke Adam 60 1 2 2
2 Casey Cizikas 40 1 2 2
Penalty Kill - 3 Players Defense
Defense Defense Time % Phy DF OF
1 Mike Weber Mike Sauer 60 1 2 2
2 Adam McQuaid Simon Despres 40 1 2 2
4 vs 4 Forward
Center Wing Time % Phy DF OF
1 Ryan Malone Dainius Zubrus 60 1 2 2
2 Petteri Nokelainen Tanner Glass 40 1 2 2
4 vs 4 Defense
Defense Defense Time % Phy DF OF
1 Mike Weber Mike Sauer 60 1 2 2
2 Adam McQuaid Simon Despres 40 1 2 2
Last Minutes Offensive
Center Left Wing Right Wing Defense Defense
Petteri Nokelainen Ryan Malone Dainius Zubrus Mike Weber Mike Sauer
Last Minutes Defensive
Center Left Wing Right Wing Defense Defense
Petteri Nokelainen Ryan Malone Dainius Zubrus Mike Weber Mike Sauer
Goaltenders
Starting : Niklas Svedberg
Backup : Kevin Poulin
Extra Forwards
Normal : Luke Adam, Philippe Paradis, Michael Ferland - PP : Boone Jenner, Philippe Paradis - PK : Michael Ferland
Extra Defensemen
Normal : Alex Petrovic, Matt Mackenzie, Adam McQuaid - PP : Alex Petrovic - PK : Matt Mackenzie, Adam McQuaid
Penalty Shots
Ryan Malone, Dainius Zubrus, Tanner Glass, Petteri Nokelainen, Frazer Mclaren
% Time on Ice - Influenza
Lines # - Real PCT - Wanted PCT - Time Play
Normal Forward
1 - 34% - 40% - 15:34
2 - 25% - 30% - 11:31
3 - 24% - 20% - 11:14
4 - 17% - 10% - 8:06
Normal Defense
1 - 37% - 40% - 17:10
2 - 32% - 30% - 14:40
3 - 22% - 20% - 10:09
4 - 10% - 10% - 4:26
PP Forward
1 - 56% - 60% - 5:22
2 - 44% - 40% - 4:15
PP Defense
1 - 59% - 60% - 5:39
2 - 41% - 40% - 3:58
PK Forward
1 - 87% - 60% - 3:27
2 - 13% - 40% - 0:31
PK Defense
1 - 63% - 60% - 2:29
2 - 37% - 40% - 1:29
PK3 Forward
1 - 0% - 60%
2 - 0% - 40%
PK3 Defense
1 - 0% - 60%
2 - 0% - 40%
44 Forward
1 - 0% - 60%
2 - 0% - 40%
44 Defense
1 - 0% - 60%
2 - 0% - 40%
Last Minute Offensive - 0:00
Last Minute Defensive - 0:00
Total
Forward - 60:00
Defense - 60:00
|
% Time on Ice - Punishers
Lines # - Real PCT - Wanted PCT - Time Play
Normal Forward
1 - 31% - 40% - 14:32
2 - 29% - 30% - 13:28
3 - 23% - 20% - 10:35
4 - 17% - 10% - 7:50
Normal Defense
1 - 41% - 40% - 18:50
2 - 35% - 30% - 16:02
3 - 22% - 20% - 10:26
4 - 2% - 10% - 1:07
PP Forward
1 - 55% - 60% - 2:11
2 - 45% - 40% - 1:47
PP Defense
1 - 50% - 60% - 1:58
2 - 50% - 40% - 2:00
PK Forward
1 - 77% - 60% - 7:24
2 - 23% - 40% - 2:13
PK Defense
1 - 62% - 60% - 5:56
2 - 38% - 40% - 3:41
PK3 Forward
1 - 0% - 60%
2 - 0% - 40%
PK3 Defense
1 - 0% - 60%
2 - 0% - 40%
44 Forward
1 - 0% - 60%
2 - 0% - 40%
44 Defense
1 - 0% - 60%
2 - 0% - 40%
Last Minute Offensive - 0:00
Last Minute Defensive - 0:00
Total
Forward - 60:00
Defense - 60:00
|
Play by Play
1st period
0:01 of 1st period - Petteri Nokelainen wins face-off versus Evgeny Grachev in neutral zone.
0:06 of 1st period - Slapshot by Petteri Nokelainen.
0:06 of 1st period - Deflect By Luke Adam.
0:06 of 1st period - Shot Misses the Net.
0:06 of 1st period - Puck is out of play.
0:07 of 1st period - Luke Adam wins face-off versus Evgeny Grachev in Influenza zone.
0:36 of 1st period - Icing by Robbie Earl.
0:37 of 1st period - Casey Cizikas wins face-off versus Evgeny Grachev in Influenza zone.
1:00 of 1st period - Slapshot by Robbie Earl.
1:00 of 1st period - Stopped by Niklas Svedberg with a rebound.
1:06 of 1st period - Slapshot by Ben Smith.
1:06 of 1st period - Shot Misses the Net.
1:20 of 1st period - Wrist shot by Ryan Malone.
1:20 of 1st period - Shot Misses the Net.
1:22 of 1st period - Slapshot by Frazer Mclaren.
1:22 of 1st period - Shot Blocked by Evgeny Grachev.
1:26 of 1st period - Slapshot by Frazer Mclaren.
1:26 of 1st period - Stopped by Thomas McCollum with a rebound.
1:28 of 1st period - Slapshot by Adam McQuaid.
1:28 of 1st period - Stopped by Thomas McCollum without a rebound.
1:29 of 1st period - Boone Jenner wins face-off versus Charlie Coyle in Influenza zone.
1:32 of 1st period - Snap shot by Tanner Glass.
1:32 of 1st period - Shot Blocked by Charlie Coyle.
1:55 of 1st period - Icing by Alex Petrovic.
1:56 of 1st period - Andreas Engqvist wins face-off versus Luke Adam in Punishers zone.
2:06 of 1st period - Snap shot by T.J Galiardi.
2:06 of 1st period - Stopped by Niklas Svedberg with a rebound.
2:22 of 1st period - Petteri Nokelainen is hit by Corey Tropp and loses puck.
2:33 of 1st period - Wrist shot by Ryan Russell.
2:33 of 1st period - Deflect By Luke Adam.
2:33 of 1st period - Shot Misses the Net.
2:33 of 1st period - Puck is out of play.
2:34 of 1st period - Charlie Coyle wins face-off versus Boone Jenner in Punishers zone.
2:41 of 1st period - Wrist shot by Jamie Benn.
2:41 of 1st period - Shot Blocked by Mike Weber.
3:05 of 1st period - Wrist shot by T.J Galiardi.
3:05 of 1st period - Shot Blocked by Radek Smolenak.
3:07 of 1st period - Wrist shot by Jeremy Morin.
3:07 of 1st period - Shot Blocked by Radek Smolenak.
3:09 of 1st period - Snap shot by Jeremy Morin.
3:09 of 1st period - Shot Hit the Post.
3:23 of 1st period - Oskars Bartulis is hit by Casey Cizikas and loses puck.
3:42 of 1st period - Adam McQuaid is hit by Ben Smith and loses puck.
4:53 of 1st period - Snap shot by Casey Cizikas.
4:53 of 1st period - Shot Blocked by Matt Corrente.
5:09 of 1st period - Slapshot by Robbie Earl.
5:09 of 1st period - Stopped by Niklas Svedberg with a rebound.
5:11 of 1st period - Slapshot by Matt Corrente.
5:11 of 1st period - Shot Blocked by Alex Petrovic.
5:13 of 1st period - Slapshot by Carl Gunnarsson.
5:13 of 1st period - Shot Misses the Net.
5:28 of 1st period - Dainius Zubrus is hit by Martins Karsums and loses puck.
6:48 of 1st period - Snap shot by Dainius Zubrus.
6:48 of 1st period - Shot Misses the Net.
7:06 of 1st period - Dainius Zubrus is hit by T.J Galiardi.
7:16 of 1st period - Jeremy Morin is hit by Dainius Zubrus and loses puck.
7:21 of 1st period - Snap shot by Dainius Zubrus.
7:21 of 1st period - Deflect By Boone Jenner.
7:21 of 1st period - Shot Misses the Net.
7:21 of 1st period - Puck is out of play.
7:22 of 1st period - Luke Adam wins face-off versus Evgeny Grachev in Influenza zone.
7:37 of 1st period - Wrist shot by Luke Adam.
7:37 of 1st period - Stopped by Thomas McCollum with a rebound.
7:47 of 1st period - Adam McQuaid is hit by Matt Corrente and loses puck.
8:39 of 1st period - John Klingberg is hit by Tanner Glass and loses puck.
8:52 of 1st period - Snap shot by Luke Adam.
8:52 of 1st period - Stopped by Thomas McCollum with a rebound.
8:54 of 1st period - Snap shot by Luke Adam.
8:54 of 1st period - Stopped by Thomas McCollum with a rebound.
9:12 of 1st period - Wrist shot by Casey Cizikas.
9:12 of 1st period - Shot Blocked by Corey Tropp.
9:14 of 1st period - Slapshot by Mike Sauer.
9:14 of 1st period - Stopped by Thomas McCollum with a rebound.
9:16 of 1st period - Slapshot by Adam McQuaid.
9:16 of 1st period - Shot Blocked by Mathieu Carle.
9:18 of 1st period - Slapshot by Ryan Malone.
9:18 of 1st period - Stopped by Thomas McCollum with a rebound.
9:37 of 1st period - Slapshot by Ben Smith.
9:37 of 1st period - Stopped by Niklas Svedberg with a rebound.
9:39 of 1st period - Snap shot by Ben Smith.
9:39 of 1st period - Shot Misses the Net.
9:53 of 1st period - Snap shot by T.J Galiardi.
9:53 of 1st period - Shot Blocked by Simon Despres.
9:55 of 1st period - Slapshot by Jeff May.
9:55 of 1st period - Stopped by Niklas Svedberg with a rebound.
9:57 of 1st period - Snap shot by Tim Erixon.
9:57 of 1st period - Stopped by Niklas Svedberg without a rebound.
9:58 of 1st period - Miikka Salomaki wins face-off versus Andreas Engqvist in Punishers zone.
10:23 of 1st period - Alex Petrovic is hit by Evgeny Grachev and loses puck.
10:32 of 1st period - Snap shot by Ben Smith.
10:32 of 1st period - Deflect By Evgeny Grachev.
10:32 of 1st period - Stopped by Niklas Svedberg with a rebound.
11:32 of 1st period - Backhand shot by Radek Smolenak.
11:32 of 1st period - Shot Blocked by Robbie Earl.
11:54 of 1st period - Charlie Coyle is hit by Simon Despres and loses puck.
12:30 of 1st period - Wrist shot by Radek Smolenak.
12:30 of 1st period - Stopped by Thomas McCollum with a rebound.
12:32 of 1st period - Slapshot by Adam McQuaid.
12:32 of 1st period - Stopped by Thomas McCollum with a rebound.
12:48 of 1st period - Snap shot by Ryan Russell.
12:48 of 1st period - Shot Misses the Net.
12:50 of 1st period - Slapshot by Oskars Bartulis.
12:50 of 1st period - Deflect By Luke Adam.
12:50 of 1st period - Stopped by Niklas Svedberg with a rebound.
12:52 of 1st period - Snap shot by Brian Salcido.
12:52 of 1st period - Stopped by Niklas Svedberg with a rebound.
12:54 of 1st period - Wrist shot by Corey Tropp.
12:54 of 1st period - Stopped by Niklas Svedberg with a rebound.
12:56 of 1st period - Wrist shot by Ryan Russell.
12:56 of 1st period - Stopped by Niklas Svedberg without a rebound.
12:57 of 1st period - Boone Jenner wins face-off versus Charlie Coyle in Punishers zone.
12:57 of 1st period - Boone Jenner is hit by Martins Karsums.
13:00 of 1st period - Minor Penalty to Mike Sauer for Delaying the game.
13:01 of 1st period - Petteri Nokelainen wins face-off versus Evgeny Grachev in Punishers zone.
13:43 of 1st period - Snap shot by John Klingberg.
13:43 of 1st period - Shot Blocked by Adam McQuaid.
15:00 of 1st period - Penalty to Mike Sauer is over, Mike Sauer is back on ice.
15:06 of 1st period - Off-side.
15:07 of 1st period - Andreas Engqvist wins face-off versus Boone Jenner in neutral zone.
16:21 of 1st period - Adam McQuaid is hit by Robbie Earl and loses puck.
16:56 of 1st period - Mike Weber is hit by Mathieu Carle and loses puck.
17:03 of 1st period - Snap shot by Jamie Benn.
17:03 of 1st period - Shot Blocked by Mike Weber.
17:23 of 1st period - Mike Weber is hit by Ryan Russell and loses puck.
17:36 of 1st period - Slapshot by Mike Weber.
17:36 of 1st period - Shot Misses the Net.
17:38 of 1st period - Slapshot by Mike Sauer.
17:38 of 1st period - Shot Blocked by Carl Gunnarsson.
17:40 of 1st period - Slapshot by Mike Sauer.
17:40 of 1st period - Shot Misses the Net.
17:42 of 1st period - Slapshot by Mike Weber.
17:42 of 1st period - Stopped by Thomas McCollum with a rebound.
17:44 of 1st period - Slapshot by Mike Sauer.
17:44 of 1st period - Shot Blocked by Evgeny Grachev.
17:53 of 1st period - Off-side.
17:54 of 1st period - Tanner Glass wins face-off versus Andreas Engqvist in neutral zone.
17:57 of 1st period - Snap shot by Dainius Zubrus.
17:57 of 1st period - Stopped by Thomas McCollum without a rebound.
17:58 of 1st period - Boone Jenner wins face-off versus Andreas Engqvist in Influenza zone.
18:07 of 1st period - Wrist shot by Dainius Zubrus.
18:07 of 1st period - Stopped by Thomas McCollum with a rebound.
18:09 of 1st period - Wrist shot by Tanner Glass.
18:09 of 1st period - Stopped by Thomas McCollum with a rebound.
18:11 of 1st period - Snap shot by Adam McQuaid.
18:11 of 1st period - Shot Blocked by Andreas Engqvist.
18:13 of 1st period - Snap shot by Dainius Zubrus.
18:13 of 1st period - Stopped by Thomas McCollum with a rebound.
18:26 of 1st period - Snap shot by Boone Jenner.
18:26 of 1st period - Shot Misses the Net.
18:50 of 1st period - Wrist shot by Tanner Glass.
18:50 of 1st period - Shot Blocked by Tim Erixon.
18:52 of 1st period - Slapshot by Simon Despres.
18:52 of 1st period - Stopped by Thomas McCollum with a rebound.
18:54 of 1st period - Slapshot by Simon Despres.
18:54 of 1st period - Deflect By Tanner Glass.
18:54 of 1st period - Stopped by Thomas McCollum with a rebound.
18:56 of 1st period - Slapshot by Simon Despres.
18:56 of 1st period - Shot Blocked by T.J Galiardi.
19:04 of 1st period - Slapshot by Tanner Glass.
19:04 of 1st period - Shot Hit the Post.
19:06 of 1st period - Slapshot by Adam McQuaid.
19:06 of 1st period - Shot Misses the Net.
19:08 of 1st period - Snap shot by Adam McQuaid.
19:08 of 1st period - Stopped by Thomas McCollum without a rebound.
19:09 of 1st period - Luke Adam wins face-off versus Evgeny Grachev in Influenza zone.
19:20 of 1st period - Petteri Nokelainen is hit by Robbie Earl and loses puck.
19:35 of 1st period - Mathieu Carle is hit by Ryan Malone and loses puck.
19:42 of 1st period - Snap shot by Ryan Malone.
19:42 of 1st period - Stopped by Thomas McCollum without a rebound.
19:43 of 1st period - Ryan Malone wins face-off versus Charlie Coyle in Influenza zone.
19:54 of 1st period - Wrist shot by Jamie Benn.
19:54 of 1st period - Shot Blocked by Frazer Mclaren.
Goals for this period are 0 for Influenza vs 0 for Punishers.
Shots for this period are 11 for Influenza vs 18 for Punishers.
2nd period
0:01 of 2nd period - Ben Smith wins face-off versus Luke Adam in neutral zone.
0:21 of 2nd period - Minor Penalty to Miikka Salomaki for Tripping.
0:22 of 2nd period - Petteri Nokelainen wins face-off versus Evgeny Grachev in Punishers zone.
0:27 of 2nd period - Robbie Earl is hit by Ryan Malone.
2:21 of 2nd period - Penalty to Miikka Salomaki is over, Miikka Salomaki is back on ice.
3:49 of 2nd period - Minor Penalty to Miikka Salomaki for Slashing.
3:50 of 2nd period - Evgeny Grachev wins face-off versus Petteri Nokelainen in Punishers zone.
3:57 of 2nd period - Snap shot by Evgeny Grachev.
3:57 of 2nd period - Stopped by Niklas Svedberg without a rebound.
3:58 of 2nd period - Evgeny Grachev wins face-off versus Petteri Nokelainen in Punishers zone.
4:01 of 2nd period - Wrist shot by Robbie Earl.
4:01 of 2nd period - Deflect By Evgeny Grachev.
4:01 of 2nd period - Stopped by Niklas Svedberg with a rebound.
4:09 of 2nd period - Snap shot by Ben Smith.
4:09 of 2nd period - Goal by Ben Smith - Influenza : 1 - Punishers : 0.
4:10 of 2nd period - Luke Adam wins face-off versus Evgeny Grachev in neutral zone.
4:17 of 2nd period - Slapshot by John Klingberg.
4:17 of 2nd period - Shot Misses the Net.
5:00 of 2nd period - Snap shot by Mike Sauer.
5:00 of 2nd period - Stopped by Thomas McCollum without a rebound.
5:01 of 2nd period - Jordan Schroeder wins face-off versus Luke Adam in Influenza zone.
5:49 of 2nd period - Matt Corrente is hit by Adam McQuaid and loses puck.
6:12 of 2nd period - Snap shot by Radek Smolenak.
6:12 of 2nd period - Stopped by Thomas McCollum with a rebound.
6:27 of 2nd period - Minor Penalty to Philippe Paradis for High sticking.
6:28 of 2nd period - Evgeny Grachev wins face-off versus Petteri Nokelainen in Punishers zone.
6:28 of 2nd period - Snap shot by Robbie Earl.
6:28 of 2nd period - Stopped by Niklas Svedberg with a rebound.
6:30 of 2nd period - Slapshot by John Klingberg.
6:30 of 2nd period - Stopped by Niklas Svedberg without a rebound.
6:31 of 2nd period - Petteri Nokelainen wins face-off versus Ben Smith in Punishers zone.
6:42 of 2nd period - Snap shot by Ryan Malone.
6:42 of 2nd period - Goal by Ryan Malone - Influenza : 1 - Punishers : 1.
6:43 of 2nd period - Evgeny Grachev wins face-off versus Petteri Nokelainen in neutral zone.
8:01 of 2nd period - Charlie Coyle is hit by Michael Ferland and loses puck.
8:27 of 2nd period - Penalty to Philippe Paradis is over, Philippe Paradis is back on ice.
8:41 of 2nd period - Philippe Paradis is hit by Mathieu Carle and loses puck.
9:01 of 2nd period - Off-side.
9:02 of 2nd period - Andreas Engqvist wins face-off versus Philippe Paradis in neutral zone.
9:13 of 2nd period - Wrist shot by Jeremy Morin.
9:13 of 2nd period - Shot Misses the Net.
9:23 of 2nd period - Minor Penalty to Matt Mackenzie for Slashing.
9:24 of 2nd period - Evgeny Grachev wins face-off versus Ryan Malone in Punishers zone.
9:25 of 2nd period - Wrist shot by Ben Smith.
9:25 of 2nd period - Goal by Ben Smith - Influenza : 2 - Punishers : 1.
9:26 of 2nd period - Evgeny Grachev wins face-off versus Petteri Nokelainen in neutral zone.
9:33 of 2nd period - Luke Adam is hit by Mathieu Carle and loses puck.
9:42 of 2nd period - Snap shot by Ben Smith.
9:42 of 2nd period - Stopped by Niklas Svedberg without a rebound.
9:43 of 2nd period - Boone Jenner wins face-off versus Charlie Coyle in Punishers zone.
11:21 of 2nd period - Slapshot by Adam McQuaid.
11:21 of 2nd period - Stopped by Thomas McCollum with a rebound.
12:39 of 2nd period - Wrist shot by Jamie Benn.
12:39 of 2nd period - Shot Blocked by Petteri Nokelainen.
12:41 of 2nd period - Wrist shot by Martins Karsums.
12:41 of 2nd period - Stopped by Niklas Svedberg without a rebound.
12:42 of 2nd period - Boone Jenner wins face-off versus Robbie Earl in Punishers zone.
12:46 of 2nd period - Off-side.
12:47 of 2nd period - Boone Jenner wins face-off versus Evgeny Grachev in neutral zone.
13:14 of 2nd period - Slapshot by John Klingberg.
13:14 of 2nd period - Stopped by Niklas Svedberg with a rebound.
13:38 of 2nd period - Slapshot by Jamie Benn.
13:38 of 2nd period - Goal by Jamie Benn - Influenza : 3 - Punishers : 1.
13:39 of 2nd period - Luke Adam wins face-off versus Evgeny Grachev in neutral zone.
13:48 of 2nd period - Snap shot by Petteri Nokelainen.
13:48 of 2nd period - Shot Misses the Net.
13:50 of 2nd period - Wrist shot by Luke Adam.
13:50 of 2nd period - Stopped by Thomas McCollum with a rebound.
14:25 of 2nd period - Wrist shot by Corey Tropp.
14:25 of 2nd period - Stopped by Niklas Svedberg with a rebound.
14:45 of 2nd period - Jeremy Morin is hit by Adam McQuaid and loses puck.
14:50 of 2nd period - Snap shot by Dainius Zubrus.
14:50 of 2nd period - Shot Blocked by Andreas Engqvist.
14:52 of 2nd period - Wrist shot by Tanner Glass.
14:52 of 2nd period - Stopped by Thomas McCollum with a rebound.
14:54 of 2nd period - Slapshot by Adam McQuaid.
14:54 of 2nd period - Stopped by Thomas McCollum without a rebound.
14:55 of 2nd period - Evgeny Grachev wins face-off versus Luke Adam in Influenza zone.
15:20 of 2nd period - Wrist shot by Jeremy Morin.
15:20 of 2nd period - Stopped by Niklas Svedberg with a rebound.
15:30 of 2nd period - Slapshot by Matt Corrente.
15:30 of 2nd period - Stopped by Niklas Svedberg without a rebound.
15:31 of 2nd period - Dainius Zubrus wins face-off versus Evgeny Grachev in Punishers zone.
15:37 of 2nd period - Icing by Tanner Glass.
15:38 of 2nd period - Boone Jenner wins face-off versus Evgeny Grachev in Punishers zone.
15:38 of 2nd period - Boone Jenner is hit by Mathieu Carle.
16:15 of 2nd period - Off-side.
16:16 of 2nd period - Evgeny Grachev wins face-off versus Boone Jenner in neutral zone.
16:29 of 2nd period - Snap shot by Tanner Glass.
16:29 of 2nd period - Stopped by Thomas McCollum without a rebound.
16:30 of 2nd period - Miikka Salomaki wins face-off versus Charlie Coyle in Influenza zone.
16:31 of 2nd period - Snap shot by Mike Weber.
16:31 of 2nd period - Stopped by Thomas McCollum with a rebound.
16:33 of 2nd period - Wrist shot by Luke Adam.
16:33 of 2nd period - Stopped by Thomas McCollum with a rebound.
16:35 of 2nd period - Wrist shot by Miikka Salomaki.
16:35 of 2nd period - Stopped by Thomas McCollum without a rebound.
16:36 of 2nd period - Charlie Coyle wins face-off versus Luke Adam in Influenza zone.
16:36 of 2nd period - Charlie Coyle is hit by Petteri Nokelainen.
16:46 of 2nd period - Wrist shot by Martins Karsums.
16:46 of 2nd period - Stopped by Niklas Svedberg with a rebound.
16:48 of 2nd period - Minor Penalty to Petteri Nokelainen for Roughing.
16:49 of 2nd period - Evgeny Grachev wins face-off versus Michael Ferland in Punishers zone.
17:14 of 2nd period - John Klingberg is hit by Ryan Malone and loses puck.
17:40 of 2nd period - Icing by Martins Karsums.
17:41 of 2nd period - Casey Cizikas wins face-off versus Charlie Coyle in Influenza zone.
17:56 of 2nd period - Slapshot by Robbie Earl.
17:56 of 2nd period - Shot Misses the Net.
18:48 of 2nd period - Penalty to Petteri Nokelainen is over, Petteri Nokelainen is back on ice.
18:53 of 2nd period - Wrist shot by Petteri Nokelainen.
18:53 of 2nd period - Stopped by Thomas McCollum with a rebound.
19:05 of 2nd period - Snap shot by Matt Corrente.
19:05 of 2nd period - Stopped by Niklas Svedberg with a rebound.
19:07 of 2nd period - Slapshot by T.J Galiardi.
19:07 of 2nd period - Stopped by Niklas Svedberg with a rebound.
19:59 of 2nd period - Snap shot by John Klingberg.
19:59 of 2nd period - Shot Blocked by Philippe Paradis.
Goals for this period are 3 for Influenza vs 1 for Punishers.
Shots for this period are 16 for Influenza vs 12 for Punishers.
3rd period
0:01 of 3rd period - Ben Smith wins face-off versus Luke Adam in neutral zone.
0:25 of 3rd period - Petteri Nokelainen is hit by Jeremy Morin and loses puck.
0:36 of 3rd period - Snap shot by Andreas Engqvist.
0:36 of 3rd period - Stopped by Niklas Svedberg without a rebound.
0:37 of 3rd period - Boone Jenner wins face-off versus Evgeny Grachev in Punishers zone.
0:37 of 3rd period - Boone Jenner is hit by Robbie Earl.
1:12 of 3rd period - Slapshot by Jamie Benn.
1:12 of 3rd period - Deflect By Adam McQuaid.
1:12 of 3rd period - Stopped by Niklas Svedberg with a rebound.
1:14 of 3rd period - Wrist shot by Jamie Benn.
1:14 of 3rd period - Goal by Jamie Benn - Influenza : 4 - Punishers : 1.
1:15 of 3rd period - Luke Adam wins face-off versus Evgeny Grachev in neutral zone.
1:40 of 3rd period - John Klingberg is hit by Boone Jenner.
2:17 of 3rd period - Minor Penalty to Corey Tropp for Hooking.
2:18 of 3rd period - Robbie Earl wins face-off versus Luke Adam in Influenza zone.
4:17 of 3rd period - Penalty to Corey Tropp is over, Corey Tropp is back on ice.
4:26 of 3rd period - Jacob Josefson is hit by Adam McQuaid and loses puck.
4:49 of 3rd period - Slapshot by Jeremy Morin.
4:49 of 3rd period - Stopped by Niklas Svedberg with a rebound.
5:23 of 3rd period - Icing by Miikka Salomaki.
5:24 of 3rd period - Luke Adam wins face-off versus Andreas Engqvist in Punishers zone.
6:23 of 3rd period - Slapshot by Adam McQuaid.
6:23 of 3rd period - Stopped by Thomas McCollum with a rebound.
6:46 of 3rd period - Slapshot by Petteri Nokelainen.
6:46 of 3rd period - Shot Misses the Net.
6:48 of 3rd period - Snap shot by Adam McQuaid.
6:48 of 3rd period - Shot Misses the Net.
7:05 of 3rd period - Ben Smith is hit by Casey Cizikas.
7:17 of 3rd period - Slapshot by Dainius Zubrus.
7:17 of 3rd period - Shot Blocked by Ben Smith.
7:19 of 3rd period - Snap shot by Boone Jenner.
7:19 of 3rd period - Shot Misses the Net.
7:37 of 3rd period - Backhand shot by Robbie Earl.
7:37 of 3rd period - Shot Misses the Net.
7:39 of 3rd period - Snap shot by Ben Smith.
7:39 of 3rd period - Stopped by Niklas Svedberg with a rebound.
8:22 of 3rd period - Minor Penalty to Ben Smith for High sticking.
8:23 of 3rd period - Jacob Josefson wins face-off versus Luke Adam in Influenza zone.
8:29 of 3rd period - Slapshot by Adam McQuaid.
8:29 of 3rd period - Deflect By Luke Adam.
8:29 of 3rd period - Stopped by Thomas McCollum with a rebound.
8:57 of 3rd period - Snap shot by Tanner Glass.
8:57 of 3rd period - Shot Misses the Net.
9:15 of 3rd period - Snap shot by Ryan Russell.
9:15 of 3rd period - Shot Misses the Net.
9:41 of 3rd period - Adam McQuaid is hit by Carl Gunnarsson and loses puck.
10:22 of 3rd period - Penalty to Ben Smith is over, Ben Smith is back on ice.
10:38 of 3rd period - Martins Karsums is hit by Ryan Malone and loses puck.
11:54 of 3rd period - Wrist shot by Martins Karsums.
11:54 of 3rd period - Deflect By Jamie Benn.
11:54 of 3rd period - Stopped by Niklas Svedberg without a rebound.
11:55 of 3rd period - Evgeny Grachev wins face-off versus Luke Adam in Punishers zone.
12:20 of 3rd period - Wrist shot by Radek Smolenak.
12:20 of 3rd period - Shot Misses the Net.
12:40 of 3rd period - Alex Petrovic is hit by Evgeny Grachev.
13:06 of 3rd period - Backhand shot by Evgeny Grachev.
13:06 of 3rd period - Stopped by Niklas Svedberg with a rebound.
13:08 of 3rd period - Snap shot by Robbie Earl.
13:08 of 3rd period - Shot Misses the Net.
13:10 of 3rd period - Slapshot by Matt Corrente.
13:10 of 3rd period - Deflect By Luke Adam.
13:10 of 3rd period - Stopped by Niklas Svedberg without a rebound.
13:11 of 3rd period - Luke Adam wins face-off versus Andreas Engqvist in Punishers zone.
13:18 of 3rd period - Snap shot by Luke Adam.
13:18 of 3rd period - Goal by Luke Adam - Influenza : 4 - Punishers : 2.
13:19 of 3rd period - Andreas Engqvist wins face-off versus Luke Adam in neutral zone.
13:32 of 3rd period - Slapshot by Mike Sauer.
13:32 of 3rd period - Shot Blocked by John Klingberg.
14:16 of 3rd period - Wrist shot by Jamie Benn.
14:16 of 3rd period - Stopped by Niklas Svedberg without a rebound.
14:17 of 3rd period - Evgeny Grachev wins face-off versus Miikka Salomaki in Punishers zone.
14:24 of 3rd period - Wrist shot by Ben Smith.
14:24 of 3rd period - Stopped by Niklas Svedberg with a rebound.
14:26 of 3rd period - Wrist shot by Ben Smith.
14:26 of 3rd period - Deflect By Miikka Salomaki.
14:26 of 3rd period - Shot Blocked by Mike Weber.
14:26 of 3rd period - Puck is out of play.
14:27 of 3rd period - Luke Adam wins face-off versus Evgeny Grachev in Punishers zone.
14:27 of 3rd period - Luke Adam is hit by Ben Smith.
14:57 of 3rd period - Snap shot by Luke Adam.
14:57 of 3rd period - Stopped by Thomas McCollum with a rebound.
14:59 of 3rd period - Slapshot by Mike Sauer.
14:59 of 3rd period - Stopped by Thomas McCollum without a rebound.
15:00 of 3rd period - Boone Jenner wins face-off versus Charlie Coyle in Influenza zone.
15:13 of 3rd period - Snap shot by Tanner Glass.
15:13 of 3rd period - Stopped by Thomas McCollum without a rebound.
15:14 of 3rd period - Evgeny Grachev wins face-off versus Casey Cizikas in Influenza zone.
15:41 of 3rd period - Jeremy Morin is hit by Petteri Nokelainen and loses puck.
16:10 of 3rd period - Mike Sauer is hit by Jamie Benn and loses puck.
16:28 of 3rd period - Wrist shot by Ben Smith.
16:28 of 3rd period - Shot Blocked by Simon Despres.
16:30 of 3rd period - Slapshot by Matt Corrente.
16:30 of 3rd period - Stopped by Niklas Svedberg with a rebound.
17:08 of 3rd period - Petteri Nokelainen is hit by Jeff May.
17:22 of 3rd period - Snap shot by Jeremy Morin.
17:22 of 3rd period - Shot Misses the Net.
17:34 of 3rd period - Adam McQuaid is hit by Jeremy Morin and loses puck.
17:57 of 3rd period - Wrist shot by Tanner Glass.
17:57 of 3rd period - Goal by Tanner Glass - Influenza : 4 - Punishers : 3.
17:58 of 3rd period - Casey Cizikas wins face-off versus Evgeny Grachev in neutral zone.
18:40 of 3rd period - Minor Penalty to Miikka Salomaki for Roughing.
18:41 of 3rd period - Petteri Nokelainen wins face-off versus Evgeny Grachev in Punishers zone.
18:50 of 3rd period - Evgeny Grachev is hit by Ryan Malone and loses puck.
19:07 of 3rd period - Mike Weber is hit by Martins Karsums and loses puck.
19:42 of 3rd period - Dainius Zubrus is hit by Matt Corrente and loses puck.
Goals for this period are 1 for Influenza vs 2 for Punishers.
Shots for this period are 11 for Influenza vs 7 for Punishers.
Back to the Top